 Dungeon Crawl Stone Soup version 0.25.0 (webtiles) character file.

Game seed: 16577976738030529408

3339 Brutalitops the Vandal (level 9, -9/74 HPs)
             Began as a Centaur Venom Mage on June 12, 2020.
             Was a Believer of Qazlal.
             Killed from afar by a gargoyle (30 damage)
             ... with a stone arrow
             ... on level 9 of the Dungeon.
             The game lasted 00:34:48 (10171 turns).

Brutalitops the Vandal (Centaur Venom Mage)        Turns: 10171, Time: 00:34:49

Health: -9/74      AC:  9    Str: 12    XL:     9   Next: 72%
Magic:  13/13      EV:  8    Int: 14    God:    Qazlal [**....]
Gold:   295        SH:  2    Dex: 18    Spells: 10/11 levels left

rFire    . . .     SeeInvis .   a - +4 whip (elec)
rCold    . . .     Gourm    .   (no shield)
rNeg     . . .     Faith    .   s - +1 scale mail
rPois    .         Spirit   .   (no helmet)
rElec    .         Reflect  .   E - +0 cloak
rCorr    .         Harm     .   (no gloves)
MR       .....                  (no barding)
Stlth    ..........             (no amulet)
HPRegen  0.22/turn              l - +6 ring of dexterity
MPRegen  0.13/turn              (no ring)

@: very quick
A: large, hooves 3, deformed body, speed 2, tough skin 3
a: Upheaval, Renounce Religion


You were on level 9 of the Dungeon.
You worshipped Qazlal.
Qazlal was pleased with you.
You were not hungry.

You visited 1 branch of the dungeon, and saw 9 of its levels.

You collected 295 gold pieces.

Inventory:

Hand Weapons
 a - a +4 whip of electrocution (weapon)
 b - a +2 hunting sling of freezing
 o - a +3 rapier
Missiles
 g - 115 bolts
 i - 179 arrows
 k - 168 stones
 n - 28 poisoned darts (quivered)
 v - 24 sling bullets
Armour
 s - a +1 scale mail (worn)
 E - a +0 cloak (worn)
Jewellery
 j - an uncursed ring of fire
 l - a +6 ring of dexterity (left hand)
Wands
 x - a wand of digging (4)
 y - a wand of disintegration (7)
 A - a wand of clouds (5)
Scrolls
 d - 3 scrolls of remove curse
 t - a scroll of amnesia
 w - 8 scrolls of identify
 z - a scroll of fear
 B - 5 scrolls of teleportation
 F - a scroll of enchant weapon
Potions
 f - 2 potions of curing
 h - a potion of might
 m - a potion of resistance
 p - a potion of cancellation
 q - 2 potions of mutation
 r - 3 potions of flight
 u - a potion of invisibility
 C - 3 potions of lignification
 D - a potion of stabbing
 H - a potion of heal wounds
Comestibles
 c - 19 rations
 G - 2 chunks of flesh


   Skills:
 + Level 5.3 Fighting
 + Level 5.7 Maces & Flails
   Level 0.7 Polearms
 + Level 7.1 Slings
 + Level 1.2(4.6) Throwing
 + Level 4.1 Armour
 + Level 2.5 Dodging
 - Level 1.1 Stealth
 - Level 1.5 Unarmed Combat
 - Level 1.5 Spellcasting
 - Level 0.8 Transmutations
 - Level 2.4 Poison Magic
 * Level 5.4 Invocations


You had 10 spell levels left.
You knew the following spells:

 Your Spells              Type           Power        Failure   Level  Hunger
a - Sting                 Tmut/Pois      #...         52%         1    ##.....

Your spell library contained the following spells:

 Spells                   Type           Power        Failure   Level  Hunger
 Poisonous Vapours        Pois/Air       #.....       71%         2    ###....
 Ignite Poison            Fire/Tmut/Pois #.......     92%         3    ####...
 Mephitic Cloud           Conj/Pois/Air  #.......     94%         3    ####...
 Olgreb's Toxic Radiance  Pois           #.......     99%         4    #####..


Dungeon Overview and Level Annotations

Branches:
Dungeon (9/15)             Temple (0/1) D:5            Lair (0/6) D:8
    Orc: D:9-12

Altars:
Ashenzari
Cheibriados
Dithmenos
Elyvilon
Fedhas
Kikubaaqudgha
Okawaru
Qazlal
Uskayaw
Vehumet
Wu Jian
Yredelemnul

Shops:
D:5 [   D:8 [

Annotations:
D:8 5 transporters


Innate Abilities, Weirdness & Mutations

You have hooves in place of feet.
Armour fits poorly on your strangely shaped body.
You cover ground very quickly.
You have extremely tough skin. (AC +3)


Message History

You barely miss the gargoyle.
You kick the gargoyle, but do no damage.
The gargoyle is moderately damaged.
The gargoyle hits you with a +2 morningstar of freezing!!
The gargoyle freezes you.
You hit the gargoyle but do no damage. You kick the gargoyle.
The gargoyle is moderately damaged.
The gargoyle hits you with a +2 morningstar of freezing!
The gargoyle freezes you.
You hit the gargoyle but do no damage.
The gargoyle is moderately damaged.
You barely miss the gargoyle.
The gargoyle is moderately damaged.
The gargoyle hits you with a +2 morningstar of freezing.
* * * LOW HITPOINT WARNING * * *
The gargoyle freezes you.
* * * LOW HITPOINT WARNING * * *
The gargoyle hurls a stone arrow at you.
The stone arrow hits you!!
You die...

#(.. .# #... .#
###..(###.#
..........#
.......<9.######
.......○°.......
#####....#####..
####....#
.......@#
........#
.........
##########


You could see a gargoyle.

Vanquished Creatures
  3 komodo dragons
  A wyvern (D:8)
  A steam dragon (D:8)
  An orc warrior (D:8)
  A sky beast (D:6)
  3 ice beasts
  A necrophage (D:6)
  2 phantoms
  An ogre (D:7)
  A centaur (D:8)
  2 crocodiles
  A bullfrog (D:7)
  A scorpion (D:7)
  4 killer bees (D:8)
  6 howler monkeys (D:8)
  A bullfrog zombie (D:5)
  A crimson imp (D:5)
  2 hounds (D:8)
  3 jellies
  An orc wizard (D:7)
  A centaur skeleton (D:6)
  3 orc priests
  A bullfrog skeleton (D:7)
  Crazy Yiuf (D:7)
  An iguana (D:5)
  5 worker ants
  A hound zombie (D:6)
  A hound skeleton (D:5)
  4 gnolls (D:8)
  8 adders
  A shadow imp (D:8)
  3 adder zombies
  2 adder skeletons
  4 worms
  2 dart slugs (D:1)
  5 leopard geckos
  18 orcs
  3 ball pythons
  9 bats
  8 giant cockroaches
  6 goblins
  10 hobgoblins
  4 jackals (D:4)
  5 quokkas
  8 frilled lizards
  A jackal zombie (D:5)
  12 kobolds
  A leopard gecko skeleton (D:4)
  2 quokka skeletons
  7 rats
174 creatures vanquished.

Notes
Turn   | Place    | Note
-------+----------+-------------------------------------------
     0 | D:1      | Brutalitops the Centaur Venom Mage began the quest for the
                  | Orb.
     0 | D:1      | Reached XP level 1. HP: 14/14 MP: 3/3
   499 | D:1      | Reached skill level 1 in Unarmed Combat
   536 | D:1      | Reached XP level 2. HP: 22/22 MP: 4/4
   861 | D:1      | Reached skill level 1 in Fighting
  1362 | D:1      | Reached XP level 3. HP: 22/28 MP: 5/5
  2349 | D:2      | Reached skill level 1 in Armour
  2358 | D:2      | Reached XP level 4. HP: 32/36 MP: 6/6
  2663 | D:3      | Reached skill level 1 in Maces & Flails
  2863 | D:3      | Reached skill level 1 in Throwing
  2863 | D:3      | Reached XP level 5. HP: 34/41 MP: 7/7
  3154 | D:3      | Found a snail-covered altar of Cheibriados.
  3179 | D:3      | Found a stormy altar of Qazlal.
  3271 | D:3      | Found a blossoming altar of Fedhas.
  3273 | D:3      | Found a shadowy altar of Dithmenos.
  3696 | D:4      | Noticed an ice beast
  3862 | D:3      | Became a worshipper of Qazlal Stormbringer
  4471 | D:5      | Entered Level 5 of the Dungeon
  4520 | D:5      | Reached XP level 6. HP: 50/50 MP: 8/8
  4548 | D:5      | Found a shattered altar of Ashenzari.
  4548 | D:5      | Found a hide-covered altar of Uskayaw.
  4777 | D:5      | Reached skill level 1 in Slings
  4953 | D:5      | Found an ancient bone altar of Kikubaaqudgha.
  4953 | D:5      | Found a faded altar of an unknown god.
  4960 | D:5      | Found an ornate altar of the Wu Jian Council.
  4962 | D:5      | Found a radiant altar of Vehumet.
  4964 | D:5      | Found a faded altar of an unknown god.
  5022 | D:5      | Noticed an ice beast
  5036 | D:5      | Killed an ice beast
  5036 | D:5      | Reached skill level 2 in Slings
  5213 | D:5      | Found a staircase to the Ecumenical Temple.
  5224 | D:5      | Found Amellov's Armour Shoppe.
  5551 | D:6      | Reached XP level 7. HP: 56/56 MP: 9/9
  5749 | D:6      | Reached skill level 3 in Slings
  5749 | D:6      | Reached skill level 1 in Invocations
  5904 | D:6      | Reached * piety under Qazlal
  5924 | D:6      | Found a shadowy altar of Dithmenos.
  5961 | D:6      | Found a white marble altar of Elyvilon.
  6229 | D:6      | Found a basalt altar of Yredelemnul.
  6340 | D:7      | Reached XP level 8. HP: 65/65 MP: 10/10
  6575 | D:7      | Reached skill level 4 in Slings
  6701 | D:7      | Noticed a komodo dragon
  6802 | D:7      | Killed a komodo dragon
  6802 | D:7      | Reached skill level 5 in Slings
  7684 | D:7      | Found a runed translucent door.
  7685 | D:7      | Noticed Crazy Yiuf
  8004 | D:7      | Killed Crazy Yiuf
  8171 | D:8      | Found a transporter.
  8182 | D:8      | Found a transporter.
  8360 | D:8      | Reached skill level 6 in Slings
  8360 | D:8      | Reached XP level 9. HP: 31/72 MP: 10/12
  8456 | D:8      | Reached skill level 5 in Maces & Flails
  8758 | D:8      | Found an iron altar of Okawaru.
  8800 | D:8      | Found a transporter.
  8811 | D:8      | Noticed a two-headed ogre
  8812 | D:8      | Found a transporter.
  8812 | D:8      | Found Gokhiup's Antique Armour Shop.
  8984 | D:8      | Found a transporter.
  9125 | D:8      | HP: 5/108 [orc warrior/+0 halberd (7)]
  9126 | D:8      | Reached ** piety under Qazlal
  9473 | D:8      | Noticed a komodo dragon
  9496 | D:8      | Killed a komodo dragon
  9496 | D:8      | Reached skill level 5 in Fighting
  9555 | D:8      | Reached skill level 5 in Invocations
  9953 | D:8      | Noticed a komodo dragon
  9972 | D:8      | Killed a komodo dragon
  9972 | D:8      | Reached skill level 7 in Slings
 10051 | D:8      | Found a staircase to the Lair.
 10155 | D:9      | Noticed a gargoyle
 10171 | D:9      | Killed from afar by a gargoyle

Illustrated notes

Levels and vault maps discovered:
D:1:      lemuel_arrival_hallway, layout_basic, chequers_serial_rivers_micro_a
D:2:      layout_rooms, first_ration, minmay_hexomino_p4
D:3:      layout_rooms, nicolae_overflow_hidden_temple, minmay_misc_feat_tiny
D:4:      layout_basic
D:5:      layout_cave_pools, gammafunk_temple_overflow_wave,
          chequers_temple_overflow_minitemple, temple_green, serial_shops,
          kennysheep_little_box
D:6:      layout_basic, kennysheep_ying_yang, grunt_dithmenos_smoke
D:7:      layout_loops_corners, uniq_crazy_yiuf_cottage
D:8:      gammafunk_the_bubble [the_bubble_gammafunk_roulette], layout_basic,
          lemuel_round_altar, erik_lair_dragon, serial_glass, glass_columns_b,
          glass_columns_b, glass_columns_c, glass_columns_b, glass_columns_a,
          glass_columns_a, glass_columns_c, glass_columns_a, glass_columns_a,
          glass_columns_a, glass_columns_b, glass_columns_b, glass_columns_b,
          glass_columns_a, serial_shops, shop
D:9:      layout_stronghold, basic_altar, uniq_harold

Skill      XL: |  1  2  3  4  5  6  7  8  9 |
---------------+----------------------------+-----
Unarmed Combat | 1 |  1.5
Fighting       | 1 2 3 4 5 |  5.3
Armour         | 1 2 3 4 |  4.1
Maces & Flails | 1 2 3 4 5 |  5.7
Throwing       | 1 |  1.2
Slings         | 2 3 6 7 |  7.1
Dodging        | 2 |  2.5
Invocations    | 2 4 5 |  5.4
Polearms       | |  0.7
Stealth        | |  1.1
Spellcasting   | |  1.5
Transmutations | |  0.8
Poison Magic   | |  2.4

Action                   |  1- 3 |  4- 6 |  7- 9 || total
-------------------------+-------+-------+-------++-------
Melee: Unarmed           |    43 |       |       ||    43
       Kick              |    24 |    39 |    51 ||   114
       Spear             |   107 |       |       ||   107
       Club              |    25 |       |       ||    25
       Whip              |    15 |   174 |   185 ||   374
       Punch             |       |     1 |     3 ||     4
 Fire: Hunting sling     |       |    23 |   126 ||   149
Throw: Dart              |     7 |     9 |       ||    16
  Use: Potion            |     1 |       |     5 ||     6
       Scroll            |     3 |    11 |     8 ||    22
 Stab: Sleeping          |     1 |       |       ||     1
  Eat: Chunk             |     4 |     8 |     9 ||    21
       Ration            |       |       |     1 ||     1
Armor: Robe              |    31 |       |       ||    31
       Leather armour    |    11 |       |       ||    11
       Ring mail         |    23 |    27 |       ||    50
       Scale mail        |       |    47 |    53 ||   100
Dodge: Dodged            |    68 |    68 |    48 ||   184
Block: Other             |       |       |     8 ||     8
